 Dungeon Crawl Stone Soup version 0.19.5 (webtiles) character file.

1684 Inarius the Carver (level 8, -10/71 HPs)
             Began as a Minotaur Fighter on Apr 24, 2017.
             Was a Follower of the Shining One.
             Mangled by an orc warrior
             ... wielding a +0 scimitar
              (19 damage)
             ... on level 6 of the Dungeon.
             The game lasted 00:17:23 (5468 turns).

Inarius the Carver (Minotaur Fighter)               Turns: 5468, Time: 00:17:24

Health: -10/71     AC: 11    Str: 20    XL:     8   Next: 71%
Magic:  7/7        EV:  7    Int:  5    God:    the Shining One [*.....]
Gold:   245        SH: 10    Dex: 13    Spells: 0 memorised, 7 levels left

rFire  . . .     SeeInvis .     v - +3 flail (holy)
rCold  + . .     Gourm    .     w - +0 chain mail
rNeg   . . .     Faith    .     c - +0 shield
rPois  +         Spirit   .     (helmet restricted)
rElec  .         Reflect  .     (no cloak)
rCorr  .         Harm     .     j - +0 pair of gloves
MR     .....                    (no boots)
Stlth  ..........               A - amulet of regeneration
                                r - ring of poison resistance
                                p - ring of protection from cold

@: glowing
A: retaliatory headbutt, horns 2
a: Renounce Religion


You were on level 6 of the Dungeon.
You worshipped the Shining One.
The Shining One was aware of your devotion.
You were not hungry.

You visited 2 branches of the dungeon, and saw 7 of its levels.

You collected 369 gold pieces.
You donated 124 gold pieces to Zin.

Inventory:

Hand Weapons
 a - a +0 long sword
 v - a +3 flail of holy wrath (weapon)
Missiles
 k - 2 tomahawks (quivered)
 F - 5 javelins
Armour
 c - a +0 shield (worn)
 j - a +0 pair of gloves (worn)
 w - a +0 chain mail (worn)
Jewellery
 g - an uncursed amulet of the gourmand
 p - a ring of protection from cold (left hand)
 r - a ring of poison resistance (right hand)
 A - an amulet of regeneration (around neck)
 D - an uncursed ring of flight
Scrolls
 e - 3 scrolls of teleportation
 l - 3 scrolls of magic mapping {unknown}
 m - 2 scrolls of blinking
 n - a scroll of amnesia {unknown}
 t - a scroll of recharging {unknown}
 u - a scroll of fear {unknown}
 y - a scroll of noise {unknown}
 B - a scroll of enchant weapon {unknown}
Potions
 b - 2 potions of heal wounds
 d - a potion of might
 h - a potion of degeneration {unknown}
 q - a potion of flight
 s - 3 potions of curing
 x - a potion of haste
 z - a potion of lignification
 E - a potion of magic {unknown}
Comestibles
 f - 4 bread rations
 i - 2 beef jerkies
 o - a meat ration


   Skills:
 + Level 6.5 Fighting
 + Level 8.5 Long Blades
 + Level 0.5 Maces & Flails
 + Level 1.6 Throwing
 + Level 7.2 Armour
 + Level 2.3 Dodging
 + Level 0.6 Stealth
 + Level 6.3 Shields


You had 7 spell levels left.
You didn't know any spells.

Dungeon Overview and Level Annotations

Branches:
Dungeon (6/15)             Temple (1/1) D:5

Altars:
Ashenzari
Cheibriados
Dithmenos
Fedhas
Hepliaklqana
Kikubaaqudgha
Makhleb
Qazlal
Ru
Sif Muna
Trog
Uskayaw
Vehumet
Xom
Yredelemnul
Zin
The Shining One

Annotations:
D:3 exclusion: oklob plant
D:6 Crazy Yiuf


Innate Abilities, Weirdness & Mutations

You reflexively headbutt those who attack you in melee.
You have a pair of horns on your head.


Message History

You block the orc warrior's attack.
You completely miss the orc warrior.
The orc warrior is lightly wounded.
You block the orc's attack. You block the orc warrior's attack.
You hit the orc warrior. You headbutt the orc warrior.
The orc warrior is heavily wounded.
You block the orc's attack.
The orc warrior hits you with a scimitar!
The orc hits you but does no damage.
You thump the orc warrior! You headbutt the orc warrior!
The orc warrior is almost dead.
The orc warrior hits you with a scimitar.
The orc hits you but does no damage.
The orc warrior hits you with a scimitar!!
* * * LOW HITPOINT WARNING * * *
You hit the orc warrior but do no damage.
The orc warrior is almost dead.
The orc completely misses you.
The orc warrior hits you with a scimitar!!
You die...

#.##.##...<...#.......#
#.....###..#####......#
####.......# ##.....#
######### #####.# #.#
##########.# ###
###.#........###
#..o##..#...........# ###
#..oo@####.......##.# #.#
#..g### ##....#.##.# #.#
### ######.##.# #.#
#.##.# ####.# ###.##.#
#....### #......#
#.##.#.# ###.####
#.##.#.####### #######.#
#.##....<....####.......#


You could see an orc warrior, Crazy Yiuf and 2 orcs.

Vanquished Creatures
  Pikel (D:6)
  Duvessa (D:5)
  Edmund (D:6)
  3 phantoms
  An ogre (D:5)
  A centaur (D:6)
  A bullfrog (D:6)
  2 scorpions
  The ghost of Diode the Skirmisher, a weakling MiBe of Trog (D:3)
  Dowan (D:5)
  A crimson imp (D:5)
  A hound (D:4)
  An orc wizard (D:3)
  3 worker ants
  A killer bee zombie (D:5)
  A gnoll (D:1)
  5 adders
  An ooze (D:3)
  2 worms (D:2)
  3 dart slugs (D:1)
  A leopard gecko (D:3)
  6 orcs
  5 giant cockroaches
  4 goblins
  4 hobgoblins
  4 jackals (D:6)
  A quokka (D:2)
  4 bats
  2 frilled lizards
  A jackal skeleton (D:6)
  7 kobolds
  A quokka skeleton (D:4)
  A quokka zombie (D:6)
  6 rats
79 creatures vanquished.

Vanquished Creatures (others)
  A jelly (D:6)
  A worker ant zombie (D:6)
2 creatures vanquished.

Grand Total: 81 creatures vanquished

Notes
Turn   | Place    | Note
-------+----------+-------------------------------------------
     0 | D:1      | Inarius the Minotaur Fighter began the quest for the Orb.
     0 | D:1      | Reached XP level 1. HP: 19/19 MP: 0/0
    68 | D:1      | Reached XP level 2. HP: 11/27 MP: 1/1
  1010 | D:2      | Reached XP level 3. HP: 33/33 MP: 2/2
  1320 | D:2      | Reached skill level 3 in Long Blades
  1965 | D:3      | Found a blossoming altar of Fedhas.
  1982 | D:3      | Noticed an oklob plant
  2309 | D:3      | Noticed Diode's ghost (weakling MiBe)
  2325 | D:3      | Killed Diode's ghost
  2325 | D:3      | Reached XP level 4. HP: 34/40 MP: 3/3
  2476 | D:3      | Reached skill level 5 in Armour
  2668 | D:3      | Reached XP level 5. HP: 46/46 MP: 4/4
  3135 | D:4      | Reached skill level 4 in Long Blades
  3135 | D:4      | Reached skill level 1 in Dodging
  3306 | D:4      | Found a faded altar of an unknown god.
  3306 | D:4      | Found a stormy altar of Qazlal.
  3314 | D:4      | Found a hazy altar of Hepliaklqana.
  3323 | D:4      | Found a faded altar of an unknown god.
  3325 | D:4      | Found a snail-covered altar of Cheibriados.
  3331 | D:4      | Became a worshipper of Zin the Law-Giver
  3331 | D:4      | Reached * piety under Zin
  3331 | D:4      | Reached ** piety under Zin
  3372 | D:4      | Found a sacrificial altar of Ru.
  3407 | D:4      | Donated 100 gold pieces to Zin
  3508 | D:4      | Found a shattered altar of Ashenzari.
  3575 | D:4      | Found an ancient bone altar of Kikubaaqudgha.
  3586 | D:4      | Reached XP level 6. HP: 43/53 MP: 5/5
  3753 | D:4      | Reached skill level 5 in Shields
  3800 | D:5      | Entered Level 5 of the Dungeon
  3811 | D:5      | Found a staircase to the Ecumenical Temple.
  4013 | D:4      | Reached skill level 5 in Long Blades
  4079 | Temple   | Entered the Ecumenical Temple
  4117 | Temple   | Fell from the grace of Zin
  4117 | Temple   | Became a worshipper of the Shining One
  4117 | Temple   | Reached * piety under the Shining One
  4276 | D:5      | Reached skill level 1 in Throwing
  4276 | D:5      | Reached XP level 7. HP: 34/60 MP: 6/6
  4338 | D:5      | Found a glowing silver altar of Zin.
  4353 | D:5      | Found a bloodstained altar of Trog.
  4450 | D:5      | Reached skill level 5 in Fighting
  4515 | D:5      | Noticed Dowan
  4516 | D:5      | Noticed Duvessa
  4531 | D:5      | Killed Dowan
  4531 | D:5      | Reached skill level 6 in Long Blades
  4533 | D:5      | Killed Duvessa
  4816 | D:6      | Noticed Pikel
  4837 | D:6      | Killed Pikel
  4837 | D:6      | Reached skill level 7 in Long Blades
  4837 | D:6      | Reached XP level 8. HP: 70/70 MP: 7/7
  4880 | D:6      | Found a hide-covered altar of Uskayaw.
  4918 | D:6      | Reached skill level 8 in Long Blades
  5070 | D:6      | Noticed Edmund
  5082 | D:6      | Killed Edmund
  5451 | D:6      | Found a runed door.
  5455 | D:6      | Noticed Crazy Yiuf
  5468 | D:6      | Mangled by an orc warrior

Skill      XL: |  1  2  3  4  5  6  7  8 |
---------------+-------------------------+-----
Armour         | 4 5 6 7 |  7.2
Fighting       | 4 6 |  6.5
Long Blades    | 3 4 5 7 8 |  8.5
Shields        | 4 5 6 |  6.3
Dodging        | 1 2 |  2.3
Throwing       | 1 |  1.6
Maces & Flails | |  0.5
Stealth        | |  0.6

Action                   |  1- 3 |  4- 6 |  7- 9 || total
-------------------------+-------+-------+-------++-------
Melee: Long sword        |    80 |   141 |    68 ||   289
       Headbutt          |    16 |    25 |    11 ||    52
       Hand axe          |    14 |       |       ||    14
       Spear             |       |     8 |       ||     8
       Flail             |       |       |    19 ||    19
Throw: Tomahawk          |     1 |     7 |     2 ||    10
Invok: Donate Gold       |       |     1 |       ||     1
  Use: Scroll            |     1 |       |     8 ||     9
  Eat: Chunk             |     4 |     5 |     2 ||    11
       Beef jerky        |       |     1 |       ||     1
       Royal jelly       |       |       |     1 ||     1
Armor: Scale mail        |    32 |    20 |       ||    52
       Chain mail        |       |    39 |    37 ||    76
Dodge: Dodged            |    34 |    24 |    27 ||    85
Block: Shield            |    44 |    64 |    59 ||   167
       Rpst.: Long sword |     6 |     2 |     7 ||    15
